 Dungeon Crawl Stone Soup version 0.29-a0-270-g1586fc07ea (webtiles) character file.

Game seed: 16522344123424698121

249782 Ajdolov the Rapturous (level 19, -11/184 HPs)
             Began as a Hill Orc Fighter on Mar 7, 2022.
             Was a Priest of Uskayaw.
             Killed by vampiric draining
             ... invoked by Jory
              (30 damage)
             ... on level 2 of the Vaults.
             The game lasted 01:30:16 (45006 turns).

Ajdolov the Rapturous (Hill Orc Fighter)           Turns: 45006, Time: 01:30:16

Health: -11/184    AC: 34    Str: 27    XL:     19   Next: 61%
Magic:  34/43      EV:  8    Int:  8    God:    Uskayaw [***...]
Gold:   3062       SH: 20    Dex: 10    Spells: 18/18 levels left

rFire   + . .      SeeInvis +   a - +9 broad axe (elec)
rCold   . . .      Faith    .   W - +2 kite shield
rNeg    . . .      Spirit   .   E - +8 chain mail of the Garden {rF+ rCorr MP+9}
rPois   .          Reflect  +   V - +2 helmet
rElec   .          Harm     .   g - +0 cloak
rCorr   +          Rampage  .   Q - +2 pair of gloves {infuse}
Will    ++...                   B - +2 pair of boots {Fly}
Stlth   ..........              T - amulet of reflection
HPRegen 0.40/turn               y - ring of see invisible
MPRegen 0.28/turn               x - ring of willpower

@: flying
A: no striking features
}: 2/15 runes: decaying, gossamer
a: Renounce Religion, Stomp, Line Pass


You were on level 2 of the Vaults.
You worshipped Uskayaw.
Uskayaw was greatly pleased with you.
You visited 7 branches of the dungeon, and saw 34 of its levels.

You collected 3989 gold pieces.
You spent 927 gold pieces at shops.

Inventory:

Hand Weapons
 a - a +9 broad axe of electrocution (weapon)
 b - a +2 morningstar of draining
Missiles
 s - 6 curare-tipped darts (quivered)
 L - 8 throwing nets
Armour
 g - a +0 cloak (worn)
 B - a +2 pair of boots of flying (worn)
 E - the +8 chain mail of the Garden (worn) {rF+ rCorr MP+9}
   (You found it on level 6 of the Dungeon)

   rF:        It protects you from fire.
   MP:        It affects your magic capacity (+9).
   rCorr:     It protects you from acid and corrosion.
 Q - a +2 pair of gloves of infusion (worn)
 V - a +2 helmet (worn)
 W - a +2 kite shield (worn)
 Y - a +0 tower shield
Jewellery
 f - a ring of poison resistance
 x - a ring of willpower (right hand)
 y - a ring of see invisible (left hand)
 C - a ring of resist corrosion
 R - an amulet of regeneration
 T - an amulet of reflection (around neck)
Wands
 c - a wand of charming (5)
 i - a wand of flame (37)
 r - a wand of mindburst (4)
 H - a wand of iceblast (26)
 I - a wand of polymorph (14)
 K - a wand of acid (21)
 U - a wand of digging (10)
 X - a wand of paralysis (7)
Scrolls
 j - 13 scrolls of teleportation
 k - 9 scrolls of identify
 l - 6 scrolls of fear
 m - 4 scrolls of amnesia
 p - 2 scrolls of silence
 t - 4 scrolls of summoning
 u - 6 scrolls of noise
 w - 4 scrolls of holy word
 z - 6 scrolls of enchant weapon
 A - 5 scrolls of magic mapping
 F - 4 scrolls of enchant armour
 N - 2 scrolls of blinking
 Z - 2 scrolls of fog
Potions
 d - 8 potions of might
 h - 2 potions of cancellation
 n - 2 potions of haste
 o - 8 potions of curing
 q - 5 potions of heal wounds
 v - 2 potions of berserk rage
 D - 4 potions of magic
 G - 2 potions of brilliance
 J - 6 potions of mutation
 M - 2 potions of attraction
 O - 11 potions of ambrosia
 S - 2 potions of resistance
Miscellaneous
 e - a box of beasts
 P - a condenser vane


   Skills:
 + Level 19.9 Fighting
 - Level 18.0 Axes
 * Level 15.6 Armour
 - Level 15.7 Shields
 + Level 22.6 Invocations
 - Level 9.0 Evocations


You had 18 spell levels left.
You didn't know any spells.
Your spell library contained the following spells:

 Spells                   Type           Power      Damage    Failure   Level
 Animate Skeleton         Necr           0%         N/A       95%         1
 Apportation              Tloc           0%         N/A       95%         1
 Foxfire                  Conj/Fire      0%         2x1d4     95%         1
 Magic Dart               Conj           0%         1d3       95%         1
 Pain                     Necr           0%         1d4       95%         1
 Shock                    Conj/Air       0%         1d3       95%         1
 Slow                     Hex            0%         N/A       95%         1
 Summon Small Mammal      Summ           0%         N/A       95%         1
 Call Imp                 Summ           0%         N/A       99%         2
 Ensorcelled Hibernation  Hex/Ice        0%         N/A       99%         2
 Passwall                 Tmut/Erth      0%         N/A       99%         2
 Searing Ray              Conj           0%         2d4       99%         2
 Static Discharge         Conj/Air       0%         N/A       99%         2
 Call Canine Familiar     Summ           0%         N/A       100%        3
 Confusing Touch          Hex            0%         N/A       100%        3
 Conjure Flame            Conj/Fire      0%         6-21      100%        3
 Inner Flame              Hex/Fire       0%         N/A       100%        3
 Mephitic Cloud           Conj/Pois/Air  0%         N/A       100%        3
 Spider Form              Tmut/Pois      0%         N/A       100%        3
 Stone Arrow              Conj/Erth      0%         3d7       100%        3
 Summon Guardian Golem    Hex/Summ       0%         N/A       100%        3
 Swiftness                Air            0%         N/A       100%        3
 Tukima's Dance           Hex            0%         N/A       100%        3
 Vampiric Draining        Necr           0%         2d6       100%        3
 Airstrike                Air            0%         N/A       100%        4
 Anguish                  Hex/Necr       0%         N/A       100%        4
 Animate Armour           Summ/Erth      0%         N/A       100%        4
 Cause Fear               Hex            0%         N/A       100%        4
 Dispel Undead            Necr           0%         3d6       100%        4
 Flame Wave               Conj/Fire      0%         2d4       100%        4
 Fulminant Prism          Conj/Hex       0%         3d6       100%        4
 Hailstorm                Conj/Ice       0%         3d3       100%        4
 Ice Form                 Ice/Tmut       0%         N/A       100%        4
 Passage of Golubria      Tloc           0%         N/A       100%        4
 Sticky Flame             Conj/Fire      0%         2d3       100%        4
 Agony                    Necr           0%         N/A       100%        5
 Excruciating Wounds      Necr           0%         N/A       100%        5
 Yara's Violent Unravell  Hex/Tmut       0%         3d3       100%        5
 Simulacrum               Ice/Necr       0%         N/A       100%        6
 Starburst                Conj/Fire      0%         6d3       100%        6
 Dragon Form              Tmut           0%         N/A       100%        7
 Lehudib's Crystal Spear  Conj/Erth      0%         10d2      100%        8
 Necromutation            Tmut/Necr      0%         N/A       100%        8
 Dragon's Call            Summ           0%         N/A       100%        9


Dungeon Overview and Level Annotations

Branches:
Dungeon (15/15)            Temple (1/1) D:7            Lair (6/6) D:8
  Swamp (4/4) Lair:2       Spider (4/4) Lair:3        Slime (0/5) Lair:5
    Orc (2/2) D:10            Elf (0/3) Orc:2        Vaults (2/5) D:13
 Depths (0/4) D:15
  Crypt: Vaults:2-3

Altars:
Ashenzari
Cheibriados
Dithmenos
Elyvilon
Fedhas
Gozag
Hepliaklqana
Kikubaaqudgha
Makhleb
Nemelex Xobeh
Okawaru
Qazlal
Ru
Sif Muna
Trog
Uskayaw
Vehumet
Wu Jian
Xom
Yredelemnul
Zin
The Shining One
Beogh

Shops:
D:3 [   D:8 (   D:10 :*   D:15 *   Orc:2 :[[?

Annotations:
D:4 2 transporters, bmj180's ghost, amateur DsNe
Lair:4 3 runed translucent doors, qborf's ghost, adept SpAK
Orc:2 1 runed translucent door, cheburek's ghost, adept DsAK
Vaults:2 Jory


Message History

The crystal spear hits you!!!!
You slash Jory! Lightning courses through Jory!
Jory is severely damaged.
Jory casts a spell at you. The crystal spear hits you!!
* * * LOW HITPOINT WARNING * * *
Uskayaw will force your foes to helplessly watch your dance.
Uskayaw prepares the audience for your solo!
The helpless Jory fails to defend himself.
You hit Jory.
Jory is severely damaged.
You break out of your daze!
The helpless Jory fails to defend himself.
You slice Jory!!
Jory is almost destroyed.
The helpless Jory fails to defend himself.
You slash Jory!
Jory is almost destroyed.
The helpless Jory fails to defend himself.
You hit Jory but do no damage.
Jory is almost destroyed.
Jory is no longer paralysed.
Jory draws life force from you!!
* * * LOW HITPOINT WARNING * * *
Jory is healed by the life force!
Unknown command.
You hit Jory but do no damage.
Jory is severely damaged.
You block Jory's attack. Jory bites you but does no damage.
Okay, then.
Throw: 9 throwing nets
Press: ? - help, Shift-Dir - straight line, f - Jory
Aim: Jory, wielding a +1 great sword and wearing a +1 chain mail of willpower (severely damaged, 57% to hit)
You throw a throwing net. The throwing net hits Jory.
Jory is caught in the net!
Jory is severely damaged.
Jory struggles against the net.
You hit Jory but do no damage.
Jory is severely damaged.
Jory draws life force from you!!
You die...

#......... #.........
#......... #.........
#.......>. #......... #
#.V....... # #.@.......
# ##'####### # #..# #
#..# # #..# ######### #
#####..#####.......####
#..........'.......#...
#..........'.......'...
#####..#####.......'...


You could see Jory (caught).

Vanquished Creatures
  Jorgrun (Orc:1)
  Gastronok (Lair:1)
  Frances (D:13)
  4 fenstrider witches
  9 emperor scorpions
  5 vault wardens
  Louise (D:15)
  7 ghost moths
  4 ironbound preservers
  A broodmother (Spider:2)
  A very ugly thing (D:10)
  A deep elf demonologist (Vaults:1)
  An ironbound thunderhulk (Vaults:1)
  8 dire elephants
  2 bunyips (Swamp:4)
  5 entropy weavers
  A fire dragon (Lair:6)
  Josephine (D:12)
  An ettin (D:15)
  2 yaktaur captains (Vaults:1)
  2 shambling mangroves
  A deep elf high priest (Vaults:2)
  Erolcha (Orc:1)
  3 vault guards (Vaults:1)
  A rakshasa (D:14)
  11 boulder beetles
  An ogre mage (D:15)
  An ironbound frostheart (Vaults:1)
  A spriggan air mage (Swamp:4)
  21 hydras
  2 catoblepae
  3 ghost crabs (Swamp:1)
  9 alligators
  2 death knights (D:12)
  8 radroaches
  16 death yaks
  5 centaur warriors
  A tengu warrior (D:15)
  A death scarab (Spider:3)
  2 spriggan berserkers
  Urug (Lair:3)
  Amaemon (D:11)
  4 pharaoh ants
  3 skeletal warriors (D:14)
  A sun moth (Spider:1)
  4 spriggan druids
  2 goliath frogs
  A steelbarb worm (shapeshifter) (Vaults:1)
  3 bunyip zombies (Swamp:2)
  4 wizards
  3 ironbound convokers
  3 steelbarb worms
  2 phantasmal warriors (D:12)
  14 deep trolls
  8 swamp dragons
  8 orb spiders
  9 lindwurms
  Pikel (D:7)
  A bog body (Swamp:2)
  5 harpies (Vaults:1)
  A deep elf pyromancer (D:15)
  21 ugly things
  19 wolf spiders
  3 necromancers
  5 will-o-the-wisps
  8 orc sorcerers (Orc:2)
  4 manticores
  3 cyclopes (D:14)
  3 moths of wrath
  7 black mambas
  17 elephants (Lair:6)
  3 vault sentinels (Vaults:1)
  An orange demon (D:11)
  14 torpor snails
  7 cane toads
  2 kobold demonologists (D:14)
  An unseen horror (D:11)
  A freezing wraith (D:12)
  11 komodo dragons
  3 gargoyles
  A rime drake (Lair:6)
  5 demonic crawlers
  18 yaktaurs
  2 tengu conjurers (D:15)
  A hydra zombie (Swamp:2)
  3 trolls
  3 meliai
  12 polar bears
  A queen bee (Lair:3)
  15 tyrant leeches
  8 slime creatures
  19 hornets
  20 blink frogs
  18 tarantellas
  2 raiju (Lair:6)
  5 dream sheep (Lair:4)
  A slime creature (shapeshifter) (Vaults:1)
  15 jumping spiders
  2 shadows
  7 wraiths (D:12)
  42 yaks
  4 spriggans
  7 wyverns
  11 culicivoras
  11 humans (D:13)
  7 basilisks
  20 vampire mosquitoes
  47 redbacks
  11 wargs
  20 swamp worms
  A hydra simulacrum (Swamp:2)
  2 acid dragons
  15 hell hounds (Lair:6)
  16 water moccasins
  15 orc warriors
  8 swamp drakes
  11 black bears (Lair:6)
  An ice beast (D:6)
  4 sky beasts
  An ogre (Orc:2)
  3 swamp dragon zombies (Swamp:2)
  22 wolves
  4 boggarts (Vaults:1)
  2 lemures
  13 centaurs
  7 kobold brigands
  16 bullfrogs
  7 gnoll sergeants
  2 necrophages
  23 killer bees (Lair:3)
  3 howler monkeys (D:9)
  2 electric eels (Spider:4)
  13 orc priests
  11 hounds
  3 jellies
  7 iguanas
  4 gnoll shamans (D:10)
  31 orc wizards
  Ijyb (D:4)
  4 hell rats (Lair:2)
  30 gnolls
  5 adders
  A white imp (D:7)
  2 ufetubi
  A dart slug (D:3)
  68 orcs
  11 endoplasms
  3 giant cockroaches
  5 goblins
  9 hobgoblins
  12 jackals
  5 quokkas
  4 ball pythons
  3 bats
  2 frilled lizards
  21 kobolds
  5 rats
1138 creatures vanquished.

Vanquished Creatures (collateral kills)
  A deep troll (Vaults:1)
1 creature vanquished.

Vanquished Creatures (others)
  An alligator (Swamp:4)
  A bunyip simulacrum (Swamp:2)
  7 bloated husks
  A spriggan (Swamp:1)
  A yak (Lair:4)
  A human (D:13)
  An orc wizard (Orc:2)
  A bush (Lair:6)
  17 foxfires
  51 fungi
  91 plants
  2 withered plants (D:7)
175 creatures vanquished.

Grand Total: 1314 creatures vanquished

Notes
Turn   | Place    | Note
-------+----------+-------------------------------------------
     0 | D:1      | Ajdolov the Hill Orc Fighter began the quest for the Orb.
     0 | D:1      | Reached XP level 1. HP: 19/19 MP: 1/1
   261 | D:1      | Reached XP level 2. HP: 27/27 MP: 2/2
   429 | D:1      | Found a faded altar of an unknown god.
   901 | D:1      | Reached XP level 3. HP: 33/33 MP: 3/3
  1497 | D:2      | Reached XP level 4. HP: 29/41 MP: 4/4
  1603 | D:2      | Reached skill level 5 in Axes
  2000 | D:2      | Reached XP level 5. HP: 47/47 MP: 5/5
  2478 | D:3      | Found Acrovat's Antique Armour Emporium.
  2963 | D:4      | Found a transporter.
  3028 | D:4      | Found a transporter.
  3030 | D:4      | Noticed bmj180's ghost (amateur DsNe)
  3065 | D:4      | Noticed Ijyb
  3078 | D:4      | Reached skill level 5 in Fighting
  3092 | D:4      | Killed Ijyb
  3096 | D:4      | Reached XP level 6. HP: 27/56 MP: 6/6
  3679 | D:5      | Entered Level 5 of the Dungeon
  3850 | D:5      | Noticed a shadow
  3860 | D:5      | Killed a shadow
  3861 | D:5      | Reached XP level 7. HP: 63/63 MP: 7/7
  4625 | D:6      | Noticed a yak
  4625 | D:6      | Noticed a yak
  4625 | D:6      | Noticed a yak
  4625 | D:6      | Noticed a yak
  4633 | D:5      | Killed a yak
  4634 | D:5      | Reached XP level 8. HP: 73/73 MP: 8/8
  4678 | D:6      | Reached skill level 10 in Axes
  4705 | D:6      | Identified the +8 chain mail of the Garden {rF+ rCorr MP+9}
  5320 | D:6      | Got the Catalogue of Torrid Shape Shifting
  5692 | D:6      | Noticed a yak
  5701 | D:6      | Reached XP level 9. HP: 81/82 MP: 9/9
  6138 | D:7      | Found an ancient bone altar of Kikubaaqudgha.
  6731 | D:7      | Found a staircase to the Ecumenical Temple.
  6740 | Temple   | Entered the Ecumenical Temple
  6883 | Temple   | Became a worshipper of Uskayaw the Reveller
  7163 | D:7      | Noticed a hornet
  7170 | D:7      | Reached * piety under Uskayaw
  7171 | D:7      | Killed a hornet
  7171 | D:7      | Reached ** piety under Uskayaw
  7172 | D:7      | Reached skill level 1 in Invocations
  7227 | D:8      | Noticed a troll
  7233 | D:8      | Killed a troll
  7234 | D:8      | Reached skill level 2 in Invocations
  7252 | D:8      | Noticed Pikel
  7273 | D:7      | Killed Pikel
  7274 | D:7      | Reached skill level 10 in Fighting
  7274 | D:7      | Reached skill level 3 in Invocations
  7345 | D:8      | Noticed a hornet
  7353 | D:8      | Killed a hornet
  7354 | D:8      | Reached skill level 4 in Invocations
  7354 | D:8      | Reached XP level 10. HP: 87/94 MP: 13/13
  7357 | D:8      | Reached *** piety under Uskayaw
  7376 | D:8      | Reached skill level 5 in Invocations
  7381 | D:8      | Found a staircase to the Lair.
  7396 | D:8      | Reached **** piety under Uskayaw
  7399 | D:8      | Reached skill level 6 in Invocations
  7402 | D:8      | Reached ***** piety under Uskayaw
  7417 | D:8      | Reached skill level 7 in Invocations
  7909 | D:8      | Found Voxaemoi's Weapon Shoppe.
  8192 | D:8      | Reached skill level 8 in Invocations
  8745 | D:9      | Reached skill level 9 in Invocations
  9099 | D:9      | Reached skill level 10 in Invocations
  9102 | D:9      | Reached XP level 11. HP: 97/104 MP: 18/18
  9219 | D:9      | Reached skill level 11 in Invocations
  9525 | D:10     | Entered Level 10 of the Dungeon
 10212 | D:10     | Reached skill level 12 in Invocations
 10294 | D:10     | Found a staircase to the Orcish Mines.
 10325 | D:10     | Found Qeaps's Assorted Antiques.
 10539 | D:10     | Found Ythic's Book Shoppe.
 10573 | D:10     | Noticed a green ugly thing
 10575 | D:10     | Noticed a purple ugly thing
 10577 | D:10     | Noticed a cyan ugly thing
 10582 | D:10     | Noticed a green ugly thing
 10598 | D:10     | Killed a purple ugly thing
 10611 | D:10     | Killed a green ugly thing
 10615 | D:10     | Reached ****** piety under Uskayaw
 10623 | D:10     | Killed a white ugly thing
 10624 | D:10     | Reached skill level 13 in Invocations
 10633 | D:10     | Killed a white ugly thing
 10920 | D:10     | Noticed a brown ugly thing
 10920 | D:10     | Noticed a cyan ugly thing
 11017 | D:10     | Killed a white ugly thing
 11020 | D:10     | Killed a white ugly thing
 11021 | D:10     | Reached skill level 14 in Invocations
 11455 | D:10     | Noticed a wizard
 11479 | D:10     | Killed a wizard
 11521 | D:10     | Noticed a wizard
 11521 | D:10     | Noticed a red very ugly thing
 11641 | D:10     | Killed a wizard
 11681 | D:10     | Killed a red very ugly thing
 11682 | D:10     | Reached skill level 15 in Invocations
 11868 | D:10     | Bought a runed battleaxe for 237 gold pieces
 12065 | D:11     | Noticed a boulder beetle
 12083 | D:11     | Killed a boulder beetle
 12084 | D:11     | Reached skill level 1 in Evocations
 12084 | D:11     | Reached XP level 12. HP: 112/112 MP: 23/23
 12245 | D:11     | Noticed Amaemon
 12285 | D:11     | Killed Amaemon
 12444 | D:11     | Reached skill level 15 in Axes
 12488 | D:11     | Noticed a boulder beetle
 12505 | D:11     | Killed a boulder beetle
 12649 | D:11     | Reached skill level 16 in Invocations
 13269 | D:12     | Noticed a death knight
 13605 | Lair:1   | Entered Level 1 of the Lair of Beasts
 13645 | Lair:1   | Noticed a death yak
 13646 | Lair:1   | Noticed a death yak
 13646 | Lair:1   | Noticed a death yak
 13650 | Lair:1   | Noticed a death yak
 13651 | Lair:1   | Noticed a death yak
 13661 | Lair:1   | Killed a death yak
 13663 | Lair:1   | Killed a death yak
 13666 | Lair:1   | HP: 5/112 [poisoned by a cane toad]
 13669 | Lair:1   | Killed a death yak
 13671 | Lair:1   | Killed a death yak
 13678 | Lair:1   | Killed a death yak
 14255 | Lair:1   | Noticed Gastronok
 14266 | Lair:1   | Killed Gastronok
 14267 | Lair:1   | Reached skill level 5 in Evocations
 14267 | Lair:1   | Reached XP level 13. HP: 110/118 MP: 25/25
 15324 | Lair:2   | Reached skill level 17 in Invocations
 16096 | Lair:2   | Identified the +7 trident "Kebb" {vorpal, Int+2}
 16769 | Lair:2   | Found a glowing golden altar of the Shining One.
 17310 | Lair:2   | Found a staircase to the Swamp.
 17569 | Lair:3   | Found a hole to the Spider Nest.
 17928 | Lair:3   | Noticed Urug
 17937 | Lair:3   | Killed Urug
 17938 | Lair:3   | Reached skill level 5 in Armour
 18334 | Lair:3   | Found a snail-covered altar of Cheibriados.
 18998 | Lair:4   | Reached XP level 14. HP: 117/129 MP: 26/26
 19195 | Lair:4   | Found a runed translucent gate.
 19195 | Lair:4   | Found a runed translucent gate.
 19195 | Lair:4   | Found a runed translucent gate.
 19932 | Lair:4   | Noticed qborf's ghost (adept SpAK)
 19965 | Lair:4   | Found a blossoming altar of Fedhas.
 21249 | Lair:5   | You fall into a shaft and drop 1 floor!
 21249 | Lair:6   | Entered Level 6 of the Lair of Beasts
 21254 | Lair:6   | Found a runed translucent door.
 21286 | Lair:6   | Identified the +0 pair of gloves of the Heron {rPois Int+9
                  | Dex-4}
 21330 | Lair:6   | Reached skill level 10 in Armour
 22093 | Lair:5   | Found a staircase to the Slime Pits.
 22955 | Lair:6   | Reached XP level 15. HP: 125/139 MP: 27/27
 23051 | Lair:6   | Reached skill level 5 in Shields
 23063 | Lair:6   | Found the +6 arbalest "Damnation" {damnation}
 24284 | Lair:6   | Reached skill level 15 in Fighting
 24565 | Lair:6   | Reached skill level 18 in Invocations
 24904 | Orc:1    | Entered Level 1 of the Orcish Mines
 25122 | Orc:2    | Entered Level 2 of the Orcish Mines
 26297 | D:12     | Noticed Josephine
 26309 | D:12     | Killed Josephine
 26659 | D:13     | Noticed Frances
 26672 | D:13     | Killed Frances
 27529 | D:13     | Found a gate to the Vaults.
 27644 | D:14     | Reached skill level 10 in Shields
 27644 | D:14     | Reached XP level 16. HP: 128/150 MP: 29/29
 28838 | D:15     | Entered Level 15 of the Dungeon
 29084 | D:15     | Found a shimmering altar of Xom.
 29084 | D:15     | Noticed Louise
 29410 | D:15     | Killed Louise
 29491 | D:15     | Reached skill level 19 in Invocations
 29499 | D:15     | Found Pariewul's Assorted Antiques.
 29620 | D:15     | Bought a scroll labelled HECWA ILOWI for 36 gold pieces
 29620 | D:15     | Bought a scroll of teleportation for 108 gold pieces
 29620 | D:15     | Bought 2 potions of heal wounds for 360 gold pieces
 29620 | D:15     | Bought a scroll of identify for 72 gold pieces
 29620 | D:15     | Bought a scroll of fog for 72 gold pieces
 29631 | D:15     | Acquired 407 gold pieces
 29667 | D:15     | Found a staircase to the Depths.
 30248 | Orc:2    | Found a roughly hewn altar of Beogh.
 30273 | Orc:2    | Found Qesor's Book Emporium.
 30273 | Orc:2    | Found Cophee's Armour Shop.
 30495 | Orc:2    | Found a staircase to the Elven Halls.
 30510 | Orc:2    | Found a roughly hewn altar of Beogh.
 30649 | Orc:2    | Found Jetopserch's Antique Armour Emporium.
 30665 | Orc:2    | Found Rusah's Magic Scroll Shop.
 30680 | Orc:2    | Bought a scroll of magic mapping for 42 gold pieces
 30697 | Orc:2    | Found a runed translucent door.
 30699 | Orc:2    | Found a shimmering altar of Xom.
 30699 | Orc:2    | Noticed cheburek's ghost (adept DsAK)
 30699 | Orc:2    | Identified the +3 halberd "Vuhokli" {chaos, rN++ Dex-5
                  | Stlth+}
 30866 | Orc:2    | Found a roughly hewn altar of Beogh.
 31059 | Orc:1    | Noticed Erolcha
 31067 | Orc:1    | Killed Erolcha
 31196 | Orc:1    | Noticed Jorgrun
 31205 | Orc:1    | Killed Jorgrun
 31474 | Spider:1 | Entered Level 1 of the Spider Nest
 33121 | Spider:2 | Reached XP level 17. HP: 106/160 MP: 30/30
 33660 | Spider:2 | Reached skill level 20 in Invocations
 35109 | Spider:4 | Entered Level 4 of the Spider Nest
 36345 | Spider:4 | Reached skill level 15 in Shields
 37507 | Spider:4 | Got a gossamer rune of Zot
 37806 | Swamp:1  | Entered Level 1 of the Swamp
 37810 | Swamp:1  | Reached XP level 18. HP: 172/172 MP: 32/32
 37856 | Swamp:1  | Reached skill level 21 in Invocations
 40841 | Swamp:4  | Entered Level 4 of the Swamp
 41462 | Swamp:4  | Got a decaying rune of Zot
 42196 | Vaults:1 | Entered Level 1 of the Vaults
 42396 | Vaults:1 | Reached skill level 22 in Invocations
 42528 | Vaults:1 | Reached XP level 19. HP: 183/183 MP: 34/34
 43227 | Vaults:1 | Identified the +5 chain mail of the Original Sin {rN+ Str+8
                  | Int-2 Dex-3}
 43870 | Vaults:1 | Reached skill level 15 in Armour
 43979 | Vaults:1 | Identified the +7 lajatang of Uskayaw's Hope {flame, rN+}
 44984 | Vaults:2 | Noticed Jory
 45006 | Vaults:2 | Killed from afar by Jory

Illustrated notes

Levels and vault maps discovered:
D:1:      psy_arrival_basics, layout_basic, ebering_ecumenical_altar_webs
D:2:      layout_loops_ring, grunt_decor_mini_mirrors, minmay_misc_feat_tower,
          cheibrodos_gnoll_hut
D:3:      layout_basic, serial_shops, nicolae_shop_stone, dk_noncrumbling_2
D:4:      layout_basic, gammafunk_ghost_mausoleum, hangedman_decor_peaks_small,
          uniq_ijyb
D:5:      layout_layer_cave
D:6:      minmay_chambers_of_threes, layout_rooms
D:7:      layout_basic, kiku_gazebo_garden_becter, lemuel_temple_firewalk_b,
          chequers_serial_rivers_micro_a, solitary_fountain, st_stairs_9
D:8:      layout_gridville, minmay_lair_entry_grove, serial_shops, shop,
          uniq_pikel
D:9:      layout_irregular_city, kennysheep_nub, st_stairs_3, minivault_24
D:10:     cheibrodos_breeding_chamber, layout_cave_pools, serial_shops,
          nicolae_shop_hallway_stairs, nicolae_shop_stone, serial_gnoll_camp,
          gnoll_camp_mini_hut, gnoll_camp_medium_02, gnoll_camp_huts_basic,
          gnoll_camp_mini_sergeant, gnoll_camp_mini_house, gnoll_camp_mini_house
D:11:     layout_cave_pods, uniq_amaemon
D:12:     layout_irregular_city, ebering_dispersal_statue_hall,
          kennysheep_generic_room_4, uniq_josephine
D:13:     layout_loops_ring, ximxim_vaults_locker_room, uniq_frances
D:14:     layout_long_grid, serial_glass, glass_columns_a, glass_columns_a,
          glass_columns_c, glass_columns_c, glass_columns_a, glass_columns_a,
          glass_columns_a, glass_columns_c, glass_columns_c, glass_columns_a,
          glass_columns_a, glass_columns_a, glass_columns_a, glass_columns_c,
          minmay_misc_feat_encased
D:15:     hangedman_depths_entry_civil_slaughter, layout_cave_pools,
          serial_shops, nicolae_shop_waterfront, dreamdust_mushroom_princess,
          st_stairs_4, xom_teletrap_fun, uniq_louise
Temple:   minmay_crystal_snake_temple
Lair:1:   layout_roguey, uniq_gastronok
Lair:2:   layout_regular_city, palyth_hydra_swamp_entry, lemuel_centaur_altar
Lair:3:   layout_small_grid, dummy_spider_entry, special_room
          [special_room_bee], kennysheep_snail_temple, uniq_urug
Lair:4:   layout_cave_pods, gammafunk_ghost_icy, basic_altar,
          cheibrodos_lair_caveside_slide
Lair:5:   layout_cave_pods, slime_dummy, fungi_pond_lemuel,
          beast_lair_carwin_11, infiniplex_staircase_pool_2, lemuel_fruit_tree
Lair:6:   wormcave, layout_loops_ring, hangedman_lair_caniforms_friends
Swamp:1:  layout_basic_swamp, evilmike_swamp_ruin_house_2,
          infiniplex_staircase_pool
Swamp:2:  layout_basic_swamp, serial_swamp_ruin, evilmike_swamp_ruin_rubble_1,
          evilmike_swamp_ruin_house_6, swamp_pool4,
          nicolae_swamp_necromancer_hut
Swamp:3:  layout_falls_marsh, evilmike_swamp_ruin_house_5
Swamp:4:  swamp, layout_basic_swamp
Spider:1: layout_spider_delve
Spider:2: layout_spider_delve, einodemon_crawler_minivault
Spider:3: layout_spider_delve, hangedman_spider_mandibles, drop_trap
Spider:4: spider_rune_water, nicolae_spider_scorpion_nest
Orc:1:    layout_caves, uniq_jorgrun, uniq_erolcha
Orc:2:    st_orc_town, layout_caves, basic_altar, ebering_ghost_xom,
          mines1_david
Vaults:1: vaults_room_boxed, v_misc_29, st_more_cells,
          hangedman_vaults_river_flow, vaults_room_hallway,
          ontoclasm_vaults_ring_small, v_rooms_2, vaults_standard_mumra_x,
          nicolae_vaults_yaktaur_gun_rack, nicolae_vaults_ring_of_whatevers,
          vaults_room_fancy_cross, layout_vaults_maze_bifur
Vaults:2: grunt_vaults_twisty, ontoclasm_vaults_gateway,
          nicolae_vaults_little_squares_4, vaults_room_grunt_arrival_checkpoint,
          nicolae_vaults_border_crossing, ontoclasm_vaults_ligature,
          hangedman_vaults_stitches, v_pattern_4, vaults_dpeg_cross, v_misc_16,
          layout_vaults_omnicross, uniq_jory

Skill      XL: |  1  2  3  4  5  6  7  8  9 10 11 12 13 14 15 16 17 18 19 |
---------------+----------------------------------------------------------+-----
Axes           | 3 4 5 7 8 9 12 14 16 17 18 | 18.0
Fighting       | 4 5 6 7 8 10 12 13 14 15 16 18 19 | 19.9
Invocations    | 4 10 15 16 17 18 19 20 22 | 22.6
Evocations     | 1 5 7 9 |  9.0
Armour         | 7 10 14 15 | 15.6
Shields        | 4 10 13 15 | 15.7

Action                   |  1- 3 |  4- 6 |  7- 9 | 10-12 | 13-15 | 16-18 | 19-21 || total
-------------------------+-------+-------+-------+-------+-------+-------+-------++-------
Melee: War axe           |    96 |   131 |   239 |   393 |       |       |       ||   859
       Battleaxe         |       |       |       |   154 |   297 |       |       ||   451
       Morningstar       |       |       |       |       |    47 |    49 |       ||    96
       Broad axe         |       |       |       |       |   550 |  1104 |   199 ||  1853
Throw: Dart              |       |       |       |    11 |     3 |     2 |       ||    16
       Throwing net      |       |       |       |       |     1 |       |     1 ||     2
Invok: Stomp             |       |       |       |     6 |     8 |    17 |       ||    31
       Grand Finale      |       |       |       |     2 |       |       |       ||     2
Evoke: Wand              |       |     1 |     8 |     5 |     6 |     8 |       ||    28
       Condenser vane    |       |       |       |     1 |     2 |     1 |       ||     4
       Box of beasts     |       |       |       |       |       |       |     1 ||     1
  Use: Potion            |       |     2 |       |     3 |     2 |     4 |       ||    11
       Scroll            |       |       |       |     9 |    24 |    15 |       ||    48
 Stab: Paralysed         |       |     4 |     8 |    51 |   122 |   126 |    32 ||   343
       Confused          |       |       |       |     1 |       |       |       ||     1
       Held in net/web   |       |       |       |       |     1 |       |       ||     1
       Distracted        |       |       |       |       |       |       |     1 ||     1
Armor: Scale mail        |    43 |    34 |    15 |       |       |       |       ||    92
       Chain mail        |       |       |   105 |   273 |   533 |   765 |    72 ||  1748
Dodge: Dodged            |    66 |    65 |    82 |   197 |   344 |   285 |    20 ||  1059
Block: Buckler           |    26 |    30 |    46 |    79 |   230 |       |       ||   411
       Other             |       |       |       |       |    31 |       |       ||    31
       Reflection        |       |       |       |       |     4 |    37 |     8 ||    49
       Kite shield       |       |       |       |       |     4 |  1037 |   148 ||  1189

Table legend: (Time is in decaauts)
 A = Elapsed time spent in this place.
 B = Non-inter-level travel time spent in this place.
 C = Inter-level travel time spent in this place.
 D = Time resting spent in this place.
 E = Time spent auto-exploring this place.
 F = Levels seen in this place.
 G = Mean time per level.
                   A        B        C        D        E       F      G
               +--------+--------+--------+--------+--------+-----+--------+
         Total |  44700 |  42148 |   2552 |  10915 |  23806 |  34 | 1314.7 |
       Dungeon |  18692 |  17483 |   1209 |   4204 |  10225 |  15 | 1246.1 |
        Temple |    207 |    170 |     37 |      0 |    143 |   1 |  207.0 |
          Lair |  12193 |  11390 |    803 |   3533 |   6197 |   6 | 2032.2 |
         Swamp |   3740 |   3627 |    113 |    757 |   2077 |   4 |  935.0 |
   Spider Nest |   5671 |   5486 |    185 |   1900 |   2476 |   4 | 1417.8 |
  Orcish Mines |   1438 |   1341 |     97 |     55 |    956 |   2 |  719.0 |
        Vaults |   2755 |   2649 |    106 |    466 |   1732 |   2 | 1377.5 |
               +--------+--------+--------+--------+--------+-----+--------+

Top non-repeatable levels by time:
  Lair:6: 2648 daAuts
    D:10: 2460 daAuts
  Lair:2: 2126 daAuts
  Lair:4: 2074 daAuts
  Lair:1: 2025 daAuts
Vaults:1: 1922 daAuts
  Lair:3: 1894 daAuts
Spider:4: 1882 daAuts
    D:12: 1738 daAuts
Spider:3: 1685 daAuts
    D:11: 1598 daAuts
     D:8: 1446 daAuts
  Lair:5: 1423 daAuts
Spider:2: 1378 daAuts
     D:1: 1280 daAuts
